 Dungeon Crawl Stone Soup version 0.31-a0-188-g5e087ee2ca (webtiles) character file.

Game seed: 11077785123072822751

80 qw the Shooter (level 4, -1/25 HPs)
             Began as a Deep Elf Hunter on June 23, 2023.
             Killed from afar by an orc wizard (5 damage)
             ... with a magic dart
             ... on level 3 of the Dungeon.
             The game lasted 00:00:32 (2159 turns).

qw the Shooter (Deep Elf Hunter)                    Turns: 2159, Time: 00:00:32

Health: -1/25      AC:  3    Str: 10    XL:     4   Next: 18%
Magic:  6/6        EV: 17    Int: 14    God:
Gold:   229        SH:  0    Dex: 18    Spells: 3/3 levels left

rFire   . . .        Y - +0 shortbow
rCold   . . .        (shield currently unavailable)
rNeg    . . .        c - +0 leather armour
rPois   +            (no helmet)
rElec   .            (no cloak)
rCorr   .            (no gloves)
SInv    .            (no boots)
Will    .....        (no amulet)
Stlth   ++           e - +5 ring of evasion
HPRegen 0.24/turn    i - ring of poison resistance
MPRegen 0.10/turn

%: no passive effects
@: about to teleport
A: no striking features
a: no special abilities


You were on level 3 of the Dungeon.
You visited 1 branch of the dungeon, and saw 3 of its levels.

You collected 229 gold pieces.


   Skills:
 - Level 1.5 Fighting
 + Level 7.6 Ranged Weapons
 - Level 2.4 Dodging
 - Level 1.2 Stealth


You had 3 spell levels left.
You didn't know any spells.
Your spell library was empty.

Inventory:

Hand Weapons
 Y - a +0 shortbow (weapon)
Armour
 c - a +0 leather armour (worn)
Jewellery
 e - a +5 ring of evasion (left hand)
 i - a ring of poison resistance (right hand)
Scrolls
 a - 2 scrolls of identify
 b - 3 scrolls of teleportation
Potions
 d - a potion of lignification {unknown}
 f - a potion of curing {unknown}
 g - 4 potions of degeneration {unknown}

Dungeon Overview and Level Annotations

Branches:
Dungeon (3/15)

Altars:
Fedhas
Qazlal
Ru


Message History

The plant begins to die.
The orc barely misses you. The orc closely misses you.
You shoot an arrow.
The arrow hits the orc but does no damage.
The orc is heavily wounded.
A nearby plant withers and dies.
The orc closely misses you.
You shoot an arrow. The arrow barely misses the orc.
The arrow hits the orc.
The orc is severely wounded.
The orc wizard points at you and mumbles some strange words.
You are confused.
The orc barely misses you. The orc completely misses you.
The orc wizard closely misses you.
A nearby plant withers and dies.
The orc wizard misses you. The orc closely misses you. The orc misses you.
The orc barely misses you. x2
The orc wizard casts a spell at you. The magic dart hits you.
The orc wizard gestures wildly while chanting.
The orc wizard flickers and vanishes!
Deactivating autopickup; reactivate with Ctrl-A.
The orc barely misses you. The orc closely misses you.
You feel less confused. The orc hits you but does no damage.
The orc barely misses you. Something hits you.
You shoot an arrow. The arrow hits the orc.
You kill the orc!
The orc closely misses you. Something hits you.
You shoot an arrow. The arrow barely misses the orc.
The arrow hits the plant!
The plant begins to die.
The plant is lightly damaged.
Something hits you. The orc hits you but does no damage.
2158 ||| READING 4 scrolls of teleportation.
As you read the scroll of teleportation, it crumbles to dust.
You feel strangely unstable. Something hits you. The orc closely misses you.
You shoot an arrow. The arrow closely misses the orc.
The arrow hits the plant.
The plant is lightly damaged.
You hear some strange, mumbled words.
A magic dart appears from out of thin air!
The magic dart hits you.
You die...

#...###..~.#####.~......
.........~.#.....~....%.
....####.~.#._.#.~.####.
....###..~.....#.~...##.
#........~.#####.~.....#
##.......~.......~.....#
.....P...~~~~~~~~~.....#
##.._.{.................
...P..o@)).#....#.......
......)#####....#####...
....... #....# ###...
....... #....# #.....
....... #....# #.....
....... #....###.....
....... #.....%...#..
........####.........#..
...#P.#.##......###


You could see an orc.

Vanquished Creatures
  Natasha (D:2)
  2 adders
  A dart slug (D:3)
  An orc (D:3)
  3 ball pythons
  3 bats
  6 endoplasms
  2 goblins (D:3)
  2 hobgoblins (D:3)
  4 jackals (D:1)
  2 kobolds
  A quokka (D:1)
  A frilled lizard (D:3)
  3 rats
32 creatures vanquished.

Notes
Turn   | Place    | Note
-------+----------+-------------------------------------------
     0 | D:1      | qw the Deep Elf Hunter began the quest for the Orb.
     0 | D:1      | Reached XP level 1. HP: 12/12 MP: 3/3
     0 | D:1      | 0 ||| qw: Version: 0.3-a-9-g12657ce
     0 | D:1      | 0 ||| qw: Game counter: 4386
     0 | D:1      | 0 ||| qw: Always use a shield: true
     0 | D:1      | 0 ||| qw: God list: Okawaru
     0 | D:1      | 0 ||| qw: Allow faded altars: false
     0 | D:1      | 0 ||| qw: Do Orc after D:15 true
     0 | D:1      | 0 ||| qw: Do second Lair branch before Depths: true
     0 | D:1      | 0 ||| qw: Lair rune preference: random
     0 | D:1      | 0 ||| qw: Plans: Normal
     0 | D:1      | 0 ||| PLANNING D:1-11
   492 | D:1      | Reached skill level 6 in Ranged Weapons
   492 | D:1      | Reached XP level 2. HP: 16/16 MP: 4/4
   857 | D:1      | 857 ||| UPGRADING to +5 ring of evasion.
   858 | D:1      | 858 ||| UPGRADING to ring of poison resistance.
   859 | D:1      | 859 ||| READING scroll labelled OSIPNO MIOP.
   860 | D:1      | 860 ||| READING 2 scrolls labelled MEOCRE WECSO.
   861 | D:1      | 861 ||| READING scroll labelled SEOHUASIRPH.
   862 | D:1      | 862 ||| DROPPING scroll of butterflies.
   863 | D:1      | 863 ||| DROPPING scroll of poison.
  1466 | D:2      | Noticed Natasha
  1471 | D:2      | Killed Natasha
  1472 | D:2      | Reached skill level 7 in Ranged Weapons
  1472 | D:2      | Reached XP level 3. HP: 20/20 MP: 5/5
  1613 | D:2      | 1613 ||| READING scroll labelled NEL HOOKHLUSO.
  1614 | D:2      | 1614 ||| READING scroll labelled BEISUO MITI.
  1617 | D:2      | 1617 ||| READING scroll labelled SISTRU TUVVA.
  1702 | D:3      | Found a stormy altar of Qazlal.
  1711 | D:3      | Reached XP level 4. HP: 25/25 MP: 6/6
  2103 | D:3      | Found a sacrificial altar of Ru.
  2127 | D:3      | Found a blossoming altar of Fedhas.
  2157 | D:3      | HP: 6/25 [something (2)]
  2158 | D:3      | 2158 ||| READING 4 scrolls of teleportation.
  2159 | D:3      | Killed from afar by an orc wizard

Levels and vault maps discovered:
D:1:      minmay_arrival_shoal_huts, layout_loops_corners, lemuel_flame_loot_1
D:2:      layout_loops_corners, uniq_natasha
D:3:      layout_basic, lemuel_tele_altar, mainiacjoe_overflow_brackets,
          fedhas_altar_1, serial_aquarium, aquarium_bridge_straight
          [aquarium_subvault_bridge, aquarium_subvault_wall,
          aquarium_subvault_bridge, aquarium_subvault_window],
          aquarium_window_corridor_1, aquarium_window_corner,
          aquarium_window_fake, aquarium_view_4, aquarium_view_2b

Skill      XL: |  1  2 |
---------------+-------+-----
Ranged Weapons | 6 7 |  7.6
Fighting       | |  1.5
Dodging        | |  2.4
Stealth        | |  1.2

Action                     |  1- 3 |  4- 6 || total
---------------------------+-------+-------++-------
   Fire: Shortbow          |    63 |    28 ||    91
    Use: Scroll            |     6 |     1 ||     7
 Armour: Leather armour    |     3 |     5 ||     8
  Dodge: Dodged            |    14 |    19 ||    33

Table legend:
 A = Non-vault XP
 B = Vault XP
 C = Vault XP percentage of total XP
 D = Non-vault monster count
 E = Vault monster count
 F = Vault count percentage of total count
                 A         B        C        D         E       F
            +---------+---------+-------+---------+---------+-------
      Total |      79 |      36 |  31.3 |      31 |       1 |   3.1
            +---------+---------+-------+---------+---------+-------
        D:1 |      21 |       0 |   0.0 |      12 |       0 |   0.0
        D:2 |      18 |      36 |  66.7 |       4 |       1 |  20.0
        D:3 |      40 |       0 |   0.0 |      15 |       0 |   0.0
            +---------+---------+-------+---------+---------+-------
